 Dungeon Crawl Stone Soup version 0.24.1-11-gbbbb2193e6 (webtiles) character file.

Game seed: 14456498263643370157, levelgen mode: deterministic

2588 Ivruix the Shield-Bearer (level 9, -2/69 HPs)
             Began as a Human Fighter on May 14, 2020.
             Was a Priest of Nemelex Xobeh.
             Slain by an ice devil (22 damage)
             ... summoned by the player character
             ... on level 8 of the Dungeon.
             The game lasted 00:48:48 (6936 turns).

Ivruix the Shield-Bearer (Human Fighter)            Turns: 6936, Time: 00:48:50

Health: -2/69      AC: 17    Str: 20    XL:     9   Next: 89%
Magic:  11/11      EV:  4    Int:  8    God:    Nemelex Xobeh [***...]
Gold:   309        SH: 11    Dex: 15    Spells: 8/8 levels left

rFire    . . .     SeeInvis .   a - +0 long sword
rCold    . . .     Gourm    +   c - +0 shield
rNeg     . . .     Faith    .   A - -2 plate armour
rPois    .         Spirit   .   F - +0 helmet
rElec    .         Reflect  .   z - +0 cloak
rCorr    .         Harm     .   C - +0 pair of gloves
MR       +....                  (no boots)
Stlth    ..........             G - amulet of the gourmand
HPRegen  0.61/turn              j - ring of flight
MPRegen  0.12/turn              o - ring of protection from magic

@: no status effects
A: slimy green scales 1, agile 1, deterioration 1, regeneration 1, MP-powered
wands
a: Draw Escape, Draw Destruction, Draw Summoning, Triple Draw, Renounce
Religion, Evoke Flight


You were on level 8 of the Dungeon.
You worshipped Nemelex Xobeh.
Nemelex Xobeh was most pleased with you.
You were not hungry.

You visited 2 branches of the dungeon, and saw 9 of its levels.

You collected 421 gold pieces.
You spent 112 gold pieces at shops.

Inventory:

Hand Weapons
 a - a +0 long sword (weapon)
Missiles
 q - 16 poisoned darts (quivered)
Armour
 c - a +0 shield (worn)
 z - a +0 cloak (worn)
 A - a -2 plate armour (worn)
 C - a +0 pair of gloves (worn)
 F - a +0 helmet (worn)
Jewellery
 j - a ring of flight (left hand)
 o - a ring of protection from magic (right hand)
 x - an uncursed ring of protection from cold
 E - an uncursed amulet of magic regeneration
 G - an amulet of the gourmand (around neck)
 H - an uncursed ring of ice
Scrolls
 g - 5 scrolls of teleportation
 h - a scroll of noise
 i - 5 scrolls of identify
 l - 2 scrolls of remove curse
Potions
 b - a potion of brilliance {unknown}
 d - a potion of degeneration
 e - a potion of flight
 k - a potion of agility
 m - a potion of cancellation {unknown}
 n - a potion of invisibility {unknown}
 p - a potion of curing
 r - 2 potions of heal wounds
 s - 2 potions of berserk rage
 t - a potion of ambrosia {unknown}
 w - a potion of lignification {unknown}
 B - a potion of resistance
Comestibles
 f - 11 rations


   Skills:
 * Level 5.6 Fighting
 + Level 6.5 Long Blades
 * Level 7.1 Armour
 + Level 0.5 Stealth
 * Level 7.4 Shields
 * Level 3.3 Invocations


You had 8 spell levels left.
You didn't know any spells.
Your spell library contained the following spells:

 Spells                   Type           Power        Failure   Level  Hunger
 Infusion                 Chrm           #...         100%        1    ##.....
 Shroud of Golubria       Chrm/Tloc      #.....       100%        2    ###....
 Song of Slaying          Chrm           #.......     100%        2    ###....
 Regeneration             Chrm/Necr      #.........   100%        3    ####...
 Spectral Weapon          Hex/Chrm       #.......     100%        3    ####...


Dungeon Overview and Level Annotations

Branches:
Dungeon (8/15)             Temple (1/1) D:5
   Lair: D:8-11

Altars:
Ashenzari
Elyvilon
Makhleb
Nemelex Xobeh
Okawaru
Trog
Lugonu

Shops:
D:5 :   D:6 *   D:7 [:

Portals:
Abyss: D:1


Innate Abilities, Weirdness & Mutations

You are partially covered in slimy green scales. (AC +2)
You are agile. (Dex +2)
Your body sometimes deteriorates upon taking damage.
Your natural rate of healing is unusually fast.
You expend magic power (3 MP) to strengthen your wands.


Message History

The ice devil hits you but does no damage.
You block the orc priest's attack.
Your plate armour prevents you from hitting the orc priest.
The orc priest is severely wounded.
You block the ice devil's attack. You block the orc priest's attack.
The ice devil hits you. The ice devil freezes you!!
You hit the orc priest.
The orc priest is almost dead.
You block the orc priest's attack. You block the ice devil's attack.
You draw a card...
You have drawn the Tomb.
Walls emerge from the floor!
The orc priest calls down the wrath of Beogh upon you.
Beogh smites you!
The ice devil hits you but does no damage.
You draw a card...
You have drawn the Dance.
The orc priest hits you but does no damage.
The ice devil hits you!
* * * LOW HITPOINT WARNING * * *
The ice devil freezes you!!
You die...
Your body glows slightly and disappears.

#...%...
#.......
#......#
#......#
#..%...#
#......#
#....###
#....#@#
#.%.(4o#
#.....<#
#.(....#
#......#
#......#
#......+
#......#
#......#


You could see an ice devil, an orc priest and a friendly +0 trident.

Vanquished Creatures
  Prince Ribbit (D:7)
  A water moccasin (D:7)
  An ogre (D:5)
  2 phantoms
  3 centaurs
  A crocodile (D:7)
  A wyvern zombie (D:6)
  A bullfrog (D:5)
  2 scorpions
  3 killer bees (D:7)
  A howler monkey (D:6)
  A crimson imp (D:7)
  2 hounds (D:4)
  A centaur skeleton (D:7)
  A jelly (D:7)
  2 orc priests
  A bullfrog skeleton (D:5)
  7 worker ants
  2 orc wizards
  A hound skeleton (D:5)
  7 gnolls
  5 adders
  A river rat (D:3)
  An ooze (D:3)
  2 worms
  3 dart slugs
  4 leopard geckos
  24 orcs
  3 ball pythons
  2 bats
  6 giant cockroaches
  10 goblins
  4 hobgoblins
  3 jackals
  2 quokkas
  12 frilled lizards
  8 kobolds
  A leopard gecko zombie (D:6)
  A quokka zombie (D:5)
  11 rats
145 creatures vanquished.

Vanquished Creatures (collateral kills)
  Joseph (D:7)
  An ice beast (D:7)
  A black bear (D:5)
  A bullfrog skeleton (D:7)
  An iguana (D:7)
  2 orc wizards (D:3)
  2 worker ants (D:7)
  3 gnolls (D:7)
  2 adders (D:7)
  A shadow imp (D:5)
  3 orcs
  A giant cockroach (D:3)
19 creatures vanquished.

Vanquished Creatures (others)
  A hippogriff (D:7)
  A jelly (D:7)
2 creatures vanquished.

Grand Total: 166 creatures vanquished

Notes
Turn   | Place    | Note
-------+----------+-------------------------------------------
     0 | D:1      | Ivruix the Human Fighter began the quest for the Orb.
     0 | D:1      | Reached XP level 1. HP: 18/18 MP: 1/1
   184 | D:1      | Reached XP level 2. HP: 23/24 MP: 2/2
   260 | D:1      | Found an iron altar of Okawaru.
   510 | D:1      | Reached XP level 3. HP: 26/29 MP: 3/3
   815 | D:1      | Found a one-way gate to the infinite horrors of the Abyss.
   815 | D:1      | Found a corrupted altar of Lugonu.
   815 | D:1      | Noticed a demonic crawler
   815 | D:1      | Noticed a demonic crawler
  1072 | D:2      | Found a sparkling altar of Nemelex Xobeh.
  1096 | D:2      | Became a worshipper of Nemelex Xobeh the Trickster
  1199 | D:2      | Received a gift from Nemelex Xobeh
  1429 | D:2      | Reached XP level 4. HP: 20/35 MP: 4/4
  1683 | D:2      | Found a shattered altar of Ashenzari.
  1684 | D:2      | Reached * piety under Nemelex Xobeh
  1695 | D:2      | Received a gift from Nemelex Xobeh
  1890 | D:3      | Reached XP level 5. HP: 19/41 MP: 5/5
  2205 | D:3      | Found a burning altar of Makhleb.
  2298 | D:3      | You fall into a shaft and drop 3 floors!
  2314 | D:6      | Noticed a phantom
  2326 | D:6      | Gained mutation: You are dopey. (Int -2) [potion of
                  | mutation]
  2326 | D:6      | Gained mutation: Your natural rate of healing is unusually
                  | fast. [potion of mutation]
  2333 | D:6      | HP: 2/42 [wyvern zombie (4)]
  2337 | D:5      | Entered Level 5 of the Dungeon
  2476 | D:5      | Found a bloodstained altar of Trog.
  2707 | D:3      | Reached ** piety under Nemelex Xobeh
  2806 | D:3      | Reached XP level 6. HP: 48/48 MP: 6/6
  2916 | D:3      | Found a faded altar of an unknown god.
  3565 | D:4      | Received a gift from Nemelex Xobeh
  3900 | D:4      | Reached XP level 7. HP: 50/54 MP: 7/7
  4326 | D:5      | Found a staircase to the Ecumenical Temple.
  4331 | Temple   | Entered the Ecumenical Temple
  4380 | D:5      | Reached skill level 5 in Shields
  4439 | D:5      | Reached XP level 8. HP: 55/61 MP: 8/8
  4441 | D:5      | Found Qothrem's Book Shop.
  4469 | D:5      | Received a gift from Nemelex Xobeh
  4496 | D:5      | Reached skill level 5 in Armour
  4611 | D:5      | Reached *** piety under Nemelex Xobeh
  5213 | D:6      | Lost mutation: You are dopey. (Int -2) [potion of mutation]
  5213 | D:6      | Gained mutation: You expend magic power (3 MP) to
                  | strengthen your wands. [potion of mutation]
  5213 | D:6      | Gained mutation: You are partially covered in slimy green
                  | scales. (AC +2) [potion of mutation]
  5213 | D:6      | Gained mutation: Your body sometimes deteriorates upon
                  | taking damage. [potion of mutation]
  5213 | D:6      | Gained mutation: You are agile. (Dex +2) [potion of
                  | mutation]
  5377 | D:6      | Reached skill level 5 in Long Blades
  5387 | D:6      | Reached skill level 1 in Invocations
  5498 | D:6      | Received a gift from Nemelex Xobeh
  5616 | D:6      | Reached skill level 5 in Fighting
  5762 | D:6      | Found Mudghuw's General Store.
  5784 | D:6      | Bought a +0 helmet for 54 gold pieces
  6098 | D:6      | Found a sparkling altar of Nemelex Xobeh.
  6327 | D:7      | Reached XP level 9. HP: 68/68 MP: 10/10
  6330 | D:7      | Noticed Joseph
  6334 | D:7      | Killed Joseph
  6376 | D:7      | Found a white marble altar of Elyvilon.
  6404 | D:7      | Found Fuqopt's Book Shop.
  6438 | D:7      | Noticed a hippogriff
  6453 | D:7      | Killed a hippogriff
  6462 | D:7      | Noticed Prince Ribbit
  6500 | D:7      | Killed Prince Ribbit
  6680 | D:7      | Received a gift from Nemelex Xobeh
  6831 | D:7      | Found Raafefoh's Armour Shoppe.
  6840 | D:7      | Bought a +0 pair of gloves for 58 gold pieces
  6920 | D:8      | Noticed an ice devil
  6936 | D:8      | Slain by an ice devil

Levels and vault maps discovered:
D:1:      erik_arrival_cave_to_civilisation [erik_arrival_cave_to_temple],
          layout_loops_ring, grunt_decor_arrowhead, nrook_campfire,
          minmay_misc_feat_roman, okawaru_ov_weapons_minmay
D:2:      layout_loops_corners, lemuel_crystal_altar,
          nemelex_xobeh_ov_fountains_minmay, first_ration
D:3:      layout_basic, lemuel_doored_altar, chequers_ecumenical_altar_simple,
          dk_noncrumbling_4
D:4:      layout_loops_ring, nicolae_overflow_hidden_temple
D:5:      layout_layer_cave, minmay_temple_entry_statues_pillars, serial_shops,
          nicolae_shop_trees, trog_butcher_becter
D:6:      layout_layer_cave, serial_shops, nicolae_shop_trees,
          nemelex_spade_bored_becter
D:7:      layout_rooms, basic_altar, serial_shops, shop, nicolae_shop_crystal,
          uniq_prince_ribbit1, uniq_joseph
D:8:      layout_gridville, serial_shops, shop_statue, grunt_ogre_cave,
          uniq_maurice
Temple:   dpeg_five_rooms_temple

Skill      XL: |  1  2  3  4  5  6  7  8  9 |
---------------+----------------------------+-----
Long Blades    | 3 4 5 6 |  6.5
Armour         | 4 6 7 |  7.1
Shields        | 4 5 6 7 |  7.4
Fighting       | 4 5 |  5.6
Invocations    | 2 3 |  3.3
Stealth        | |  0.5

Action                   |  1- 3 |  4- 6 |  7- 9 || total
-------------------------+-------+-------+-------++-------
Melee: Long sword        |    96 |   294 |   322 ||   712
Throw: Dart              |       |       |    15 ||    15
 Abil: Draw Destruction  |     2 |     2 |    15 ||    19
       Draw Escape       |       |     3 |     1 ||     4
       Draw Summoning    |       |     1 |     6 ||     7
  Use: Potion            |     1 |     1 |     8 ||    10
       Scroll            |     1 |       |     5 ||     6
  Eat: Chunk             |     2 |     8 |    12 ||    22
       Ration            |       |       |     1 ||     1
Armor: Scale mail        |    33 |   122 |       ||   155
       Chain mail        |       |    27 |    86 ||   113
       Plate armour      |       |       |   123 ||   123
Dodge: Dodged            |    36 |    88 |    65 ||   189
Block: Shield            |    49 |   165 |   214 ||   428
       Rpst.: Long sword |    15 |    26 |    24 ||    65
